[Event "*** Titled Tuesday Blitz"]
[Site "Chess.com"]
[Date "2021.03.09"]
[Round "2"]
[White "Alex-11211"]
[Black "olksuna"]
[Result "1-0"]
[WhiteElo "2410"]
[BlackElo "2668"]
[TimeControl "180+1"]
[EndTime "10:20:12 PST"]
[Termination "Alex-11211 won by checkmate"]

1. e4 c5 2. Nf3 e6 3. Nc3 a6 4. g3 b5 5. d4 cxd4 6. Nxd4 Bb7 7. Bg2 b4 8. Na4 Nf6 9. O-O Nxe4 10.
Re1 d5 11. c4 Be7 12. cxd5 exd5 13. Nf5 O-O 14. f3 Bc5+ 15. Nxc5 Nxc5 16. Qd4 Qf6 17. Ne7+ Kh8 18. Qxc5 Nd7 19. Qxb4 Rab8 20. Bf4 a5 21. Qd6 Rbd8 22. Qxf6 Nxf6 23. Nf5 d4 24. Rad1 d3 25.
Nd6 Ba6 26. Bf1 Nh5 27. Bxd3 Nxf4 28. Bxa6 Ne6 29. Rxe6 Ra8 30. Nxf7+ Rxf7 31. Red6 Rff8 32. Bb7 Rab8 33. Be4 g6 34. b3 Rf7 35. R1d4 Ra7 36.
Rd8+ Rxd8 37. Rxd8+ Kg7 38. Ra8 Rc7 39. Rxa5 Rc8 40.
Ra7+ Kf6 41. b4 g5 42. a3 Rc3 43. b5 Rb3 44. Ra6+ Ke5 45. a4 g4 46. Bc6 gxf3 47. Ra8 Kd4 48. Kf2 h5 49. Rf8 Rb2+ 50. Kxf3 Rxh2 51.
a5 h4 52. Rf4+ Kc5 53. Rxh4 Ra2 54. a6 Kb6 55. Rf4 Kc7 56. Kg4 Re2 57. Rf7+ Kb6 58. a7 Rc2 59. a8=Q Rc4+ 60. Rf4 Rc1 61. Qd8+ Kc5 62. Qd4# 1-0

[Event "*** Titled Tuesday Blitz"]
[Site "Chess.com"]
[Date "2021.03.09"]
[Round "2"]
[White "CM_rui"]
[Black "LenkaPtacnikova"]
[Result "0-1"]
[WhiteElo "2388"]
[BlackElo "2120"]
[TimeControl "180+1"]
[EndTime "10:20:12 PST"]
[Termination "LenkaPtacnikova won by checkmate"]

1. e4 c5 2. Nf3 e6 3. c4 Nc6 4. d4 cxd4 5. Nxd4 Qc7 6. Nc3 a6 7. Be3 Nf6 8. Be2 Bb4 9. f3 Bd6 10. a3 Bxh2 11. Qd2 Bg3+ 12. Bf2 Bxf2+ 13. Kxf2 Ne5 14. Rac1 b6 15. b4 Bb7 16. Qg5 Ng6 17.
g3 Qe5 18. Qe3 O-O 19. Rh3 d5 20. f4 Nxe4+ 21. Kg2 Qd6 22. Nxe4 dxe4 23. Rch1 h6 24. f5 exf5 25. Nxf5 Qe5 26. Rxh6 Qxf5 27. R6h5 Qf6 28. g4 Qf4 29. Qh3 e3+ 30. Bf3 Qxf3+ 31. Qxf3 Bxf3+ 32.
Kxf3 Rfe8 33. Ke2 Re6 34. Ke1 Rd8 35. g5 e2 36. Kf2 Rd1 37. Re1 Rxe1 38. Kxe1 Nf4 39.
Rh2 Nd3+ 40. Kd2 e1=Q+ 41. Kxd3 Qd1+ 42. Kc3 Qc1+ 43. Kb3 Qd1+ 44. Rc2 Re3+ 45. Kb2 Qd3 46. Rf2 Qb3+ 47. Kc1 Qc3+ 48. Kd1 Qd3+ 49. Kc1 Qxa3+ 50. Kd1 Qd3+ 51. Rd2 Qc3 52. Rd8+ Kh7 53. Rd2 Kg6 54. Rd6+ f6 55. Rd2 Rd3 56. Rxd3 Qxd3+ 57. Ke1 Qxc4 58. b5 Qxb5 59. Kf2 fxg5 60. Ke3 g4 61. Kf2 Kg5 62. Kg3 Kf5 63. Kg2 Kf4 64. Kf2 g3+ 65.
Ke1 Kf3 66. Kd2 Qb3 67. Kc1 Qa2 68. Kd1 Ke3 69. Ke1 Qe2# 0-1

[Event "*** Titled Tuesday Blitz"]
[Site "Chess.com"]
[Date "2021.03.09"]
[Round "2"]
[White "Fraler15"]
[Black "woodhy"]
[Result "1-0"]
[WhiteElo "2278"]
[BlackElo "2460"]
[TimeControl "180+1"]
[EndTime "10:20:13 PST"]
[Termination "Fraler15 won on time"]

1. e4 e6 2. d4 d5 3. e5 c5 4. c3 Nc6 5. Nf3 Nge7 6. Bd3 Bd7 7. Na3 Qb6 8. Nc2 Nf5 9. O-O cxd4 10. Bxf5 exf5 11.
Ncxd4 Be6 12. Be3 Qd8 13. Ng5 Nxd4 14. Qxd4 Be7 15. Nf3 O-O 16. Rad1 Qa5 17. a3 Rfc8 18. Qd2 Rc4 19. Bg5 Bf8 20. Nd4 Qc7 21. Bf4 Rb8 22.
Nb5 Qb6 23. Nd6 Rc6 24. Rfe1 Rd8 25. Qc2 Rcxd6 26. exd6 Rxd6 27. Bxd6 Bxd6 28. g3 h6 29. b4 Be7 30. Qe2 Bf6 31. Qe3 Qa6 32. Ra1 b6 33. Qe2 Qxe2 34. Rxe2 Bxc3 35. Rc1 d4 36. Rec2 Kf8 37. Rxc3 dxc3 38. Rxc3 a5 39. Kf1 axb4 40.
axb4 b5 41. Rc5 Ke7 42. Kg2 Bd7 43. Kf3 Kd6 44. Ke3 g5 45. f4 f6 46. Kd4 Ke6 47. Rc7 Kd6 48. Rb7 Bc6 49. Rb6 Kc7 50. Kc5 Bd7 51.
Rxf6 gxf4 52. gxf4 h5 53. Rh6 Be8 54. Rh8 Bg6 55. Kxb5 Kd7 56. Kc5 Ke7 57. b5 Be8 58. b6 Bc6 59. Kxc6 h4 60. b7 h3 61. b8=Q 1-0

[Event "*** Titled Tuesday Blitz"]
[Site "Chess.com"]
[Date "2021.03.09"]
[Round "2"]
[White "Kobalia"]
[Black "FMJoseHerrera"]
[Result "0-1"]
[WhiteElo "2706"]
[BlackElo "2514"]
[TimeControl "180+1"]
[EndTime "10:20:14 PST"]
[Termination "FMJoseHerrera won on time"]

1. e4 c5 2. Nf3 e6 3. g3 b6 4. Bg2 Bb7 5. Nc3 a6 6. O-O Qc7 7. d4 cxd4 8. Nxd4 d6 9. f4 Nd7 10. f5 e5 11. Nde2 Ngf6 12. h3 h5 13. Bg5 Be7 14.
Qd2 Rc8 15. Rad1 b5 16. a3 Nb6 17. Qc1 Nc4 18. Kh1 Qb6 19. Rd3 Qa7 20. Bxf6 gxf6 21.
Nd5 Bxd5 22. exd5 Rg8 23. Nc3 Kd7 24. Ne4 a5 25. Qh6 Ke8 26. Rc3 b4 27. axb4 axb4 28. Rb3 Qd4 29. Rxb4 Qe3 30. Qh7 Rxg3 31. Nxg3 Qxg3 32.
Qh8+ Bf8 33. Rb3 Ne3 34. Rxe3 Qxe3 35. c3 Qg5 36. Ra1 Qxf5 37. Rf1 Qg5 38. Rxf6 Rb8 39. Rf2 Rxb2 40. Rxb2 Qc1+ 41. Kh2 Qxb2 42. Qxh5 Qxc3 43.
Qf3 Qd2 44. Qe4 Bh6 45. h4 Bf4+ 46. Kh3 Qf2 47. Qf3 Qg1 48. Qe4 Qh2+ 49. Kg4 Qg3+ 50. Kh5 f5 51. Qxf5 Qxg2 52. Qe6+ Kf8 53. Qxd6+ Kg7 54.
Qe7+ Kh8 55. Qf8+ Qg8 56. Qxg8+ Kxg8 57. Kg4 Kf7 58. Kf5 Ke7 59. h5 Kd6 60. Ke4 Bh6 61.
Kd3 Kxd5 0-1

[Event "*** Titled Tuesday Blitz"]
[Site "Chess.com"]
[Date "2021.03.09"]
[Round "2"]
[White "night_player"]
[Black "schondeln"]
[Result "0-1"]
[WhiteElo "2151"]
[BlackElo "2410"]
[TimeControl "180+1"]
[EndTime "10:20:14 PST"]
[Termination "schondeln won by resignation"]

1. e4 d5 2. exd5 Qxd5 3. Nc3 Qa5 4. h3 Nf6 5. Nf3 Bf5 6. Bc4 c6 7. O-O e6 8. d3 Nbd7 9. Re1 Be7 10. Ne4 O-O 11. Bb3 Rfe8 12. Qe2 h6 13. Bd2 Qc7 14. Bc3 Nd5 15. Bd2 Rad8 16. Ng3 Bg6 17. Ne4 a6 18. c4 N5f6 19. Rad1 Nc5 20. Nxc5 Bxc5 21. Be3 Bxe3 22. Qxe3 c5 23. d4 cxd4 24. Rxd4 Rxd4 25. Qxd4 Rd8 26. Qe3 Be4 27. Rd1 Rxd1+ 28. Bxd1 Bxf3 29. Bxf3 b6 30. b3 a5 31. Qd4 Qc5 32.
Qd8+ Kh7 33. Qd3+ g6 34. Qc3 Nd7 35. Be4 Ne5 36. Qd2 Kg7 37. Kh2 f5 38. Bb1 g5 39. h4 Kf6 40. hxg5+ hxg5 41. f3 Qc7 42.
Kg1 Nc6 43. Qc3+ Qe5 44. Qd2 Qd4+ 45. Qxd4+ Nxd4 46. Kf2 Ke5 47. Ke3 f4+ 48. Kd2 Nc6 49. Bg6 Kd4 50. Be8 Ne7 51. Bd7 e5 52. Be6 Ng6 53.
Bh3 e4 54. Bf5 e3+ 55. Ke2 Ne5 56. a3 Kc3 57. b4 axb4 58. axb4 Kxb4 59. g3 Kxc4 60.
gxf4 gxf4 61. Be6+ Kc3 62. Kd1 b5 63. Bd5 b4 64.
Ke2 b3 65. Be4 b2 66. Bf5 Nc4 67. Bb1 Nd2 68. Bd3 b1=Q 69. Bxb1 Nxb1 70. Kd1 Kd3 71. Ke1 Nd2 72. Kd1 Nxf3 73. Kc1 Nd4 0-1

[Event "*** Titled Tuesday Blitz"]
[Site "Chess.com"]
[Date "2021.03.09"]
[Round "2"]
[White "MergenKakabaev"]
[Black "thisunaa"]
[Result "0-1"]
[WhiteElo "2362"]
[BlackElo "2002"]
[TimeControl "180+1"]
[EndTime "10:20:14 PST"]
[Termination "thisunaa won on time"]

1. e4 c5 2. Nf3 d6 3. d4 cxd4 4. Nxd4 Nf6 5. Nc3 a6 6. Bg5 e6 7.
f4 Be7 8. Qf3 Qc7 9. O-O-O Nbd7 10. g4 h6 11. Bxf6 Bxf6 12. h4 Nc5 13. g5 Be7 14. f5 hxg5 15. hxg5 Bxg5+ 16. Kb1 Rxh1 17. Qxh1 Bh6 18. f6 e5 19. Nd5 Qd8 20. Nf5 Bxf5 21. exf5 Nd7 22. fxg7 Bxg7 23. Qh7 Kf8 24. Bc4 Nf6 25.
Qh3 Nxd5 26. Bxd5 Qf6 27. c3 Rb8 28. Qf3 b5 29. Rc1 Bh6 30. Rh1 Bg7 31. Qe4 Rc8 32. a3 Rc5 33. Ka2 a5 34. Bb3 d5 35. Bxd5 Qd6 36.
Rd1 a4 37. Ka1 Qc7 38. Kb1 Qd6 39. Bb3 Qc6 40. Bd5 Qd6 41. Rd3 Qb6 42. Ka2 Qd6 43. Bc4 Qc7 44. Bd5 Bf6 45. Rh3 Ke7 46. Rh7 Rxd5 47. Qxd5 Qc4+ 48. Qxc4 bxc4 49. Kb1 e4 50.
Kc2 e3 51. Kd1 Bg5 0-1

[Event "*** Titled Tuesday Blitz"]
[Site "Chess.com"]
[Date "2021.03.09"]
[Round "2"]
[White "FMLorneTwitch"]
[Black "Mazetovic"]
[Result "0-1"]
[WhiteElo "2340"]
[BlackElo "2666"]
[TimeControl "180+1"]
[EndTime "10:20:15 PST"]
[Termination "Mazetovic won by resignation"]

1. d4 Nf6 2. Bg5 d5 3. Bxf6 gxf6 4. c4 dxc4 5. Nc3 e6 6. e3 a6 7. a4 Nc6 8. Bxc4 Nb4 9. Nge2 Rg8 10. Ng3 b6 11. O-O Bb7 12. e4 Bd6 13. Qh5 Rg7 14. Bxe6 Bxg3 15. hxg3 Qxd4 16. Rad1 Qe5 17. Bd7+ Ke7 18. Bf5 Bc6 19. Qh6 Rag8 20. Qe3 h5 21. Rfe1 h4 22. g4 Rd8 23. Rxd8 Kxd8 24. Rd1+ Ke7 25.
Qh6 Rg8 26. Qxh4 Nc2 27. Qh7 Rf8 28. Qg7 Nd4 29. g5 Ne6 30. gxf6+ Qxf6 31. Qg3 Qg7 32. Qe3 Rd8 33. Nd5+ Kf8 34. Re1 Nc5 35. b3 Bxd5 36. exd5 Qf6 37. Be4 Re8 38. f3 Re5 39. Rd1 Qd6 40.
Qc3 Rg5 41. Kf1 Qh6 42. Kf2 Qh4+ 43. Ke3 Rxg2 44. Qe5 Qh6+ 45. Kd4 Rd2+ 46. Rxd2 Qxd2+ 47. Kc4 Qe2+ 48. Kd4 Qb2+ 49. Kc4 Qxe5 50. a5 Qd6 51. axb6 cxb6 52. b4 b5+ 53. Kc3 Nxe4+ 54. Kd4 Qe5+ 55.
Kxe5 Nd2 56. d6 Ke8 57. Kd5 Kd7 58. Kc5 Nc4 59. f4 Nxd6 60. Kb6 Nc4+ 61. Kxa6 Kc6 62. f5 f6 63. Ka7 Ne3 64. Ka6 Nxf5 65. Ka5 Nd6 66.
Ka6 f5 0-1

[Event "*** Titled Tuesday Blitz"]
[Site "Chess.com"]
[Date "2021.03.09"]
[Round "2"]
[White "DFeco"]
[Black "Mr_Sinigami"]
[Result "1-0"]
[WhiteElo "2283"]
[BlackElo "2593"]
[TimeControl "180+1"]
[EndTime "10:20:16 PST"]
[Termination "DFeco won by resignation"]

1. c4 Nf6 2. g3 g6 3. Bg2 Bg7 4. Nc3 O-O 5. e4 d6 6. Nge2 e5 7. O-O Nc6 8. d3 Nd7 9. Be3 Nd4 10. Qd2 a5 11. Bh6 Nc5 12. Bxg7 Kxg7 13. Nxd4 exd4 14.
Ne2 Ne6 15. f4 f5 16. exf5 gxf5 17. Rae1 Qf6 18. b3 c6 19. a3 Bd7 20. b4 axb4 21. axb4 Ra3 22. Rd1 Rfa8 23. Nc1 Nc7 24. Rfe1 Be6 25. Re2 Bf7 26. Rde1 Re8 27. Rxe8 Bxe8 28.
Qb2 Ra8 29. Nb3 Ne6 30. c5 Rd8 31. cxd6 Rxd6 32. Re5 Bg6 33. Nc5 Nxc5 34. bxc5 Rd7 35. Kf2 Qf7 36. Bf3 Bh5 37. Bxh5 Qxh5 38. Qe2 Qxe2+ 39.
Kxe2 Kf6 40. Kd2 Rd8 41. Kc2 Ra8 42. Kb3 Ra5 43. Kb4 Ra2 44. Re8 Rxh2 45. Rg8 h5 46. Kc4 Rg2 47. Kxd4 h4 48. Rf8+ Kg6 49. gxh4 Rg4 50. Ke5 Rxh4 51. Rxf5 Rh3 52. Rf6+ Kg7 53. Rd6 Re3+ 54. Kf5 Re7 55. d4 Kf7 56. Kg5 Rc7 57. f5 Ke7 58. Rh6 Rc8 59. Rh7+ Ke8 60. Rh8+ Kd7 61.
Rxc8 Kxc8 62. Kg6 b5 63. cxb6 Kb7 64. f6 Kxb6 65. f7 c5 66. dxc5+ Kxc5 67. f8=Q+ 1-0

[Event "*** Titled Tuesday Blitz"]
[Site "Chess.com"]
[Date "2021.03.09"]
[Round "2"]
[White "bsnsun"]
[Black "ApoIogiA"]
[Result "1-0"]
[WhiteElo "2450"]
[BlackElo "2210"]
[TimeControl "180+1"]
[EndTime "10:20:16 PST"]
[Termination "bsnsun won by resignation"]

1. Nf3 Nf6 2. c4 g6 3. g3 Bg7 4. Bg2 O-O 5. d4 d5 6. O-O dxc4 7. Na3 c3 8. bxc3 c5 9. e3 Nc6 10. Nc4 Be6 11. Nce5 Bd5 12. Qe2 Nxe5 13. Nxe5 Bxg2 14. Kxg2 Ne4 15. Bb2 Bxe5 16. dxe5 Qd5 17. c4 Qc6 18. Qf3 e6 19. Rfd1 Rfd8 20. h4 h5 21. Kg1 Rac8 22.
Rac1 b6 23. Ba1 Rd2 24. Rxd2 Nxd2 25. Qxc6 Rxc6 26. Kg2 Rc8 27. Rc2 Rd8 28. f3 Nb1 29. Kf1 Rd1+ 30. Ke2 Rg1 31. Bb2 Rg2+ 32. Kd3 Rg1 33.
Rc1 Rxg3 34. Rxb1 Rxf3 35. Rh1 Kg7 36. Bc3 Rf2 37. a4 Ra2 38. Ra1 Rh2 39. Be1 Rh1 40.
a5 bxa5 41. Ke2 Rh2+ 42. Bf2 a4 43. Rxa4 Rg2 44. Rxa7 g5 45. hxg5 Kg6 46. Rc7 Rh2 47. Rxc5 Rh1 48. Ra5 h4 49. Kf3 h3 50. Kg3 h2 51.
Kg2 Rd1 52. Kxh2 Rd3 53. Kg2 Rc3 54. c5 Rc4 55. Rb5 Kxg5 56. e4 Rxe4 57. Rb1 Rc4 58. Rb6 Kf5 59. Rb7 f6 60. exf6 Kxf6 61. Rc7 Ke5 62.
c6 Kd6 63. Bg3+ Kd5 64. Rd7+ Kxc6 65. Rd6+ Kc5 66. Rxe6 Rc2+ 67. Kf3 Rc3+ 68. Kf4 Rc4+ 69. Ke5 Rc1 70. Bf2+ Kb5 71. Rb6+ Ka4 72. Rb8 Rd1 73.
Bd4 Ka5 74. Kd5 Ka4 75. Kc4 Rc1+ 76. Bc3 Rxc3+ 77. Kxc3 1-0

[Event "*** Titled Tuesday Blitz"]
[Site "Chess.com"]
[Date "2021.03.09"]
[Round "2"]
[White "Mikasinski"]
[Black "Fore_Man"]
[Result "1-0"]
[WhiteElo "2461"]
[BlackElo "2229"]
[TimeControl "180+1"]
[EndTime "10:20:17 PST"]
[Termination "Mikasinski won by checkmate"]

1. e4 e6 2. d4 d5 3. Nc3 Nf6 4. Bg5 dxe4 5. Nxe4 Nbd7 6. Nf3 h6 7. Nxf6+ Nxf6 8. Bh4 Be7 9. Bc4 Bd7 10. Ne5 Bc6 11.
Nxc6 bxc6 12. O-O Rb8 13. Bb3 O-O 14. c3 c5 15. dxc5 Bxc5 16. Qxd8 Rfxd8 17. Rad1 g5 18. Bg3 Bd6 19. Rfe1 Bxg3 20. hxg3 Rd6 21. Kf1 Rbd8 22.
Ke2 Rxd1 23. Rxd1 Rxd1 24. Bxd1 Ne8 25. Kd3 Nd6 26. Kd4 Kg7 27. Kc5 Ne4+ 28. Kc6 Nxf2 29. Be2 e5 30. a4 e4 31. a5 e3 32. a6 Ne4 33. Kb7 Nxg3 34. Bd3 Ne4 35. Kxa7 Nc5 36.
Be2 f5 37. Kb8 Nxa6+ 38. Bxa6 g4 39. Be2 h5 40. Kxc7 h4 41. b4 h3 42. gxh3 g3 43. b5 g2 44. b6 g1=Q 45. b7 Qg3+ 46. Kc8 Qxh3 47. b8=Q f4+ 48. Kb7 Qg3 49. Qe5+ Kg6 50.
Bd3+ Kf7 51. Qd5+ Kg7 52. Qe5+ Kf7 53. Bc4+ Kg6 54. Qe8+ Kf6 55. Qe6+ Kg5 56. Qg8+ Kh4 57. Qh7+ Kg5 58. Qg7+ Kh4 59. Qh6+ Kg4 60. Be6+ Kf3 61. Qh1+ Ke2 62. Bc4+ Kf2 63. Qf1# 1-0

[Event "*** Titled Tuesday Blitz"]
[Site "Chess.com"]
[Date "2021.03.09"]
[Round "2"]
[White "superjem123"]
[Black "Hypercar"]
[Result "1-0"]
[WhiteElo "2747"]
[BlackElo "2504"]
[TimeControl "180+1"]
[EndTime "10:20:21 PST"]
[Termination "superjem123 won by resignation"]

1. c4 c6 2. Nf3 d5 3. g3 Nf6 4. Bg2 g6 5. O-O Bg7 6. b3 Ne4 7.
d4 O-O 8. Bb2 Nd7 9. Nbd2 Ndf6 10.
Ne5 Bf5 11. Rc1 Qa5 12. Nxe4 Nxe4 13. a3 Rad8 14. b4 Qb6 15. cxd5 cxd5 16. e3 Rc8 17. Qe2 h5 18. Nd3 Qa6 19. Bf3 Ng5 20. Nc5 Nxf3+ 21. Qxf3 Qc6 22. Rc3 b6 23. Nb3 Qe6 24. Rfc1 Rxc3 25.
Rxc3 Be4 26. Qe2 Qf5 27. Nd2 Qe6 28. Nxe4 Qxe4 29. Qc2 Qxc2 30. Rxc2 Ra8 31. Rc7 Kf8 32. a4 Bf6 33. Ba3 Ke8 34. a5 Kd8 35. Rb7 bxa5 36.
bxa5 a6 37. Bc5 Kc8 38. Rb6 Kc7 39. Kg2 e6 40. Bd6+ Kd7 41. Bf4 Ra7 42. Bb8 Ra8 43. Rb7+ Ke8 44. Bc7 Be7 45. Bb6 Bd6 46. h4 Be7 47. Kf3 Bd8 48. Bxd8 Rxd8 49. Rb6 Ke7 50. Rxa6 Kf6 51. Ra7 Rb8 52. a6 Rb2 53. Rb7 Ra2 54. a7 Kg7 55. e4 Ra3+ 56. Kf4 dxe4 57. Kxe4 Ra2 58. Ke5 Re2+ 59. Kd6 Ra2 60. Kc7 Kf6 61. Kb8 Rxf2 62. a8=Q Rf3 63. Rxf7+ Kxf7 64. Qxf3+ Ke7 65.
Kc7 1-0

[Event "*** Titled Tuesday Blitz"]
[Site "Chess.com"]
[Date "2021.03.09"]
[Round "2"]
[White "ega2006"]
[Black "bogcsab"]
[Result "1/2-1/2"]
[WhiteElo "2407"]
[BlackElo "2176"]
[TimeControl "180+1"]
[EndTime "10:20:23 PST"]
[Termination "Game drawn by repetition"]

1. e4 d6 2. d4 Nf6 3. Nc3 c6 4. Nf3 g6 5. a4 Bg7 6. Bc4 O-O 7.
O-O Nxe4 8. Nxe4 d5 9. Bd3 dxe4 10. Bxe4 Nd7 11. c3 Nf6 12. Bc2 Qc7 13. a5 c5 14. Bg5 Bg4 15. dxc5 Qxc5 16. Be3 Qc6 17. h3 Bxf3 18. Qxf3 Qxf3 19. gxf3 Nd5 20. Bd2 Rfd8 21. Rfd1 Rd7 22. Be4 Rad8 23. Re1 Nf6 24. Be3 a6 25. Bb6 Rc8 26. Rad1 Kf8 27. Rxd7 Nxd7 28. Bxb7 Rb8 29. Bxa6 Nxb6 30. axb6 Rxb6 31. Bf1 Rxb2 32. c4 Rc2 33.
Kg2 Bd4 34. Be2 e5 35. f4 Bc3 36. Bd1 Rc1 37. Re3 exf4 38. Rd3 Be1 39. Bb3 g5 40. Kf3 f5 41. h4 h6 42. hxg5 hxg5 43. Ba4 Rxc4 44.
Bd7 g4+ 45. Kg2 Rc2 46. Bxf5 Rxf2+ 47. Kg1 g3 48. Bg4 Bd2 49. Rf3 Be3 50. Rxf2 Bxf2+ 51. Kg2 Be3 52. Bf3 Ke7 53. Be4 Kf6 54. Bf3 Ke5 55. Be2 Kd4 56. Bf3 Kd3 57. Bg4 Kd2 58. Bf3 Ke1 59. Bg4 Bf2 60. Bf3 Kd2 61. Bg4 Ke3 62. Bf3 Kd4 63. Bg4 Ke3 64. Bf3 Be1 65. Bg4 Bf2 1/2-1/2

[Event "*** Titled Tuesday Blitz"]
[Site "Chess.com"]
[Date "2021.03.09"]
[Round "2"]
[White "MITerryble"]
[Black "MatyChess1"]
[Result "1-0"]
[WhiteElo "2955"]
[BlackElo "2579"]
[TimeControl "180+1"]
[EndTime "10:20:24 PST"]
[Termination "MITerryble won by checkmate"]

1. e4 c5 2. Nf3 d6 3. Bb5+ Nd7 4. d4 cxd4 5. Qxd4 a6 6. Bxd7+ Bxd7 7. Bg5 h6 8. Bh4 Rc8 9. O-O b5 10. Nbd2 e5 11.
Bxd8 exd4 12. Bb6 Rxc2 13. Bxd4 Nf6 14. Rac1 Rxc1 15. Rxc1 Be7 16. Rc7 Bd8 17. Ra7 a5 18.
a3 Be6 19. Rb7 Bd7 20. e5 dxe5 21. Nxe5 Be6 22. Bc5 Nd7 23. Nxd7 Bxd7 24. Ne4 Bc6 25. Nd6+ Kf8 26. Nxf7+ Kg8 27. Ra7 Bf6 28. Nxh8 Kxh8 29.
Rxa5 Bxb2 30. Ra6 Bd5 31. Rd6 Bc4 32. Rd7 Kg8 33. h4 g6 34. g3 h5 35. Rb7 Bd3 36. Bb4 Bc4 37. Rd7 Be6 38. Rd2 Bf6 39. Rd6 Kf7 40. Rd3 Bc4 41. Rf3 Ke6 42. Bc3 Be7 43. Re3+ Kd7 44. Bb2 Bc5 45. Re5 Bd6 46. Re4 Kc6 47.
Re1 Bd5 48. Rc1+ Kd7 49. Rb1 Be4 50. Ra1 Bd3 51. Rd1 Bc2 52. Rd2 Be4 53. Be5 Ke6 54.
Bxd6 Bd5 55. Bb4 Bc4 56. Rd1 Kf5 57. Re1 Kg4 58. Re3 Kh3 59. Bc3 Bd5 60. Bd4 Bc4 61. Re5 g5 62. Bc5 g4 63. Rxh5 b4 64. Bxb4 Bf7 65. Rc5 Bd5 66. h5 Bc6 67. h6 Be4 68.
Rh5# 1-0

[Event "*** Titled Tuesday Blitz"]
[Site "Chess.com"]
[Date "2021.03.09"]
[Round "2"]
[White "1random"]
[Black "queen_iryna"]
[Result "0-1"]
[WhiteElo "2604"]
[BlackElo "2351"]
[TimeControl "180+1"]
[EndTime "10:20:24 PST"]
[Termination "queen_iryna won by checkmate"]

1. e4 d6 2. Nc3 Nf6 3. f4 Nc6 4.
Nf3 e5 5. Bc4 Be7 6. d3 O-O 7.
a3 Bg4 8. f5 Nd4 9. Be3 Bxf3 10. gxf3 Nd7 11. Bxd4 exd4 12. Ne2 Bh4+ 13. Ng3 Qg5 14.
Rg1 Ne5 15. Qe2 Qf4 16. Kf2 Kh8 17. Kg2 g6 18. Raf1 Rae8 19. Kh1 gxf5 20. Nxf5 Nxc4 21. Nxh4 Qxh4 22. dxc4 Rg8 23. Qd2 Qf6 24. b3 Rxg1+ 25.
Kxg1 Rg8+ 26. Kh1 c5 27. Qe2 Qf4 28. a4 Rg6 29. Qf2 Kg7 30. Qe2 b6 31. Qf2 a6 32.
Qe2 a5 33. Qf2 h5 34. Qe2 h4 35. Qf2 h3 36. Rg1 Kf6 37. Qe2 Rxg1+ 38. Kxg1 Qc1+ 39. Kf2 Qf4 40. Kg1 Qg5+ 41. Kf1 Ke5 42. Ke1 Qg1+ 43. Kd2 Kf4 44. e5 Qe3+ 45. Kd1 Qxe2+ 46. Kxe2 dxe5 47. Kf2 f5 48. Ke2 e4 49. fxe4 fxe4 50. Kf2 e3+ 51. Ke2 Ke4 52. Kd1 Kf3 53. Ke1 Kg2 54. Ke2 Kxh2 55.
b4 Kg1 56. b5 h2 57. Kd1 h1=Q 58. Kc1 Kf2+ 59. Kb2 e2 60. c3 e1=Q 61. cxd4 Qa1+ 62. Kb3 Qhb1# 0-1

[Event "*** Titled Tuesday Blitz"]
[Site "Chess.com"]
[Date "2021.03.09"]
[Round "2"]
[White "zajka-molotok"]
[Black "TorFredrikKaasen"]
[Result "1-0"]
[WhiteElo "2512"]
[BlackElo "2694"]
[TimeControl "180+1"]
[EndTime "10:20:26 PST"]
[Termination "zajka-molotok won by resignation"]

1. b4 e5 2. Bb2 Bxb4 3. Bxe5 Nf6 4. e3 O-O 5. Nf3 Re8 6. Be2 d5 7. O-O Bd6 8. Bb2 c5 9. d3 Nc6 10. Nbd2 Bg4 11. c4 dxc4 12. Nxc4 Bc7 13. h3 Bh5 14.
Rc1 b6 15. d4 cxd4 16. Nxd4 Bxe2 17. Nxe2 Ne4 18. Qa4 Ne5 19. Nxe5 Bxe5 20. Bxe5 Rxe5 21. Qc6 Nc5 22. Rfd1 Qe8 23. Qxe8+ Rexe8 24. Nd4 g6 25. Nb5 Re7 26. Kf1 a6 27. Nd6 Rc7 28. Nc4 Rb8 29. Ke2 b5 30. Ne5 Kg7 31. Rd6 Rbc8 32. Nd3 Nxd3 33. Rxc7 Rxc7 34. Kxd3 Ra7 35. Kd4 Kf8 36. Kc5 Rc7+ 37. Rc6 Rd7 38. Rxa6 Rd2 39. Kxb5 Rxf2 40. g4 Rf3 41. h4 Rxe3 42. a4 Re4 43. Ra8+ Kg7 44.
a5 Rxg4 45. a6 Rg1 46. Rc8 Ra1 47. Rc4 f5 48. Ra4 Rd1 49. a7 Rd8 50. a8=Q Rxa8 51. Rxa8 Kf6 52. Kc5 Ke5 53. Re8+ Kf4 54. Kd4 Kg4 55. Rh8 Kxh4 56. Rxh7+ Kg4 57. Ke3 g5 58. Rf7 f4+ 59. Kf2 Kh4 60. Kf3 Kh5 61. Rh7+ Kg6 62. Ra7 Kf5 63. Ra5+ Kf6 64. Kg4 1-0

[Event "*** Titled Tuesday Blitz"]
[Site "Chess.com"]
[Date "2021.03.09"]
[Round "2"]
[White "lagedema"]
[Black "moro182"]
[Result "1/2-1/2"]
[WhiteElo "2493"]
[BlackElo "2682"]
[TimeControl "180+1"]
[EndTime "10:20:26 PST"]
[Termination "Game drawn by repetition"]

1. d4 g6 2. e4 Bg7 3. Nf3 d6 4.
h3 Nf6 5. Bd3 a6 6. O-O O-O 7.
a4 Nc6 8. c3 e5 9. Re1 h6 10. d5 Ne7 11. a5 g5 12. c4 Ng6 13.
Nh2 Nf4 14. Bf1 Kh8 15. Nc3 Rg8 16. g4 h5 17. f3 hxg4 18. hxg4 Kh7 19. Bg2 Rh8 20.
Nf1 c5 21. Ng3 b5 22. axb6 Qxb6 23. Bf1 Bd7 24. Nf5 Bf8 25. Ne2 Ng8 26. Nxf4 gxf4 27.
Re2 Ne7 28. Rh2+ Kg8 29. Rxh8+ Kxh8 30. Qc2 Nxf5 31. exf5 Be7 32. Bd2 Kg7 33. Ba5 Qb7 34. Bd3 Rh8 35. Kg2 Qb8 36. Rh1 Bf6 37. Bc3 Rxh1 38.
Kxh1 Qh8+ 39. Qh2 Qxh2+ 40. Kxh2 Ba4 41. Kg2 Bb3 42. Be2 Kh6 43. Kh3 Bd8 44. Bd3 f6 45. Kg2 a5 46. Kf2 a4 47. Kg2 Kg5 48. Kh3 Bd1 49. Kg2 Kh6 50. Be1 Kg7 51. Bc3 Bc7 52. Kf2 Kh6 53. Be2 Bc2 54. Kg2 Bd8 55. Kh3 e4 56. fxe4 Bxe4 57. Kh4 f3 58. Bd2+ Kg7 59. Bf1 Bc2 60. Kg3 Bd1 61. Bd3 Be7 62. Kf2 Bf8 63. Ke1 Bb3 64. Kf2 Bd1 65. Ke1 Bb3 66. Kf2 Bd1 1/2-1/2

[Event "*** Titled Tuesday Blitz"]
[Site "Chess.com"]
[Date "2021.03.09"]
[Round "2"]
[White "SHIVACalypso"]
[Black "Iball95"]
[Result "1/2-1/2"]
[WhiteElo "2348"]
[BlackElo "2648"]
[TimeControl "180+1"]
[EndTime "10:20:29 PST"]
[Termination "Game drawn by repetition"]

1. Nf3 g6 2. c4 c5 3. g3 Bg7 4. Bg2 Nf6 5. O-O O-O 6. Nc3 Nc6 7. d3 d5 8. cxd5 Nxd5 9. Nxd5 Qxd5 10. Be3 Bxb2 11.
Rb1 Bf6 12. Qa4 Qh5 13. Rfc1 Nd4 14. Bxd4 cxd4 15. Rc7 a6 16. Qc2 Rb8 17. Rb6 Qa5 18. Qb2 Be6 19. Rcxb7 Rxb7 20. Rxb7 Rc8 21. h4 Qxa2 22.
Qxa2 Bxa2 23. Ra7 Rc6 24. Nd2 Rc1+ 25. Nf1 Rc2 26. Bf3 Be6 27. Rxa6 Bh3 28. Ra1 h5 29. Rd1 Kg7 30. Nd2 e6 31. Ne4 Be7 32. Rb1 e5 33.
Ng5 Bxg5 34. hxg5 Bg4 35. Kg2 f5 36. Rb7+ Kf8 37. Rb6 Kg7 38. Rb7+ Kf8 39. Rb6 e4 40. dxe4 fxe4 41. Bxe4 Rxe2 42. Bxg6 Re5 43. Rd6 Rxg5 44. Bd3 Rc5 45. Rxd4 Kg7 46. Be4 Kf6 47. Bf3 Kg5 48. Bxg4 hxg4 49. Rd8 Ra5 50. Rd4 Rb5 51. f4+ gxf3+ 52.
Kxf3 Rb3+ 53. Kf2 Rb5 54. Rd3 Ra5 55. Kf3 Rf5+ 56. Kg2 Ra5 57. Rf3 Re5 58. Rf2 Ra5 59.
Rf3 Rb5 60. Re3 Kg4 61. Re4+ Kg5 62. Rc4 Ra5 63. Kf3 Rb5 64. Rc3 Rf5+ 65. Kg2 Ra5 66. Kf3 Rf5+ 67. Kg2 Ra5 68. Kf3 Rf5+ 1/2-1/2

[Event "*** Titled Tuesday Blitz"]
[Site "Chess.com"]
[Date "2021.03.09"]
[Round "2"]
[White "Aemulus20"]
[Black "Sanan_Sjugirov"]
[Result "1/2-1/2"]
[WhiteElo "2560"]
[BlackElo "2888"]
[TimeControl "180+1"]
[EndTime "10:20:34 PST"]
[Termination "Game drawn by repetition"]

1. e4 c5 2. Nf3 Nc6 3. d4 cxd4 4. Nxd4 e5 5. Nb5 d6 6. N1c3 a6 7. Na3 b5 8. Nd5 Nf6 9. Bg5 Be7 10. Bxf6 Bxf6 11.
c3 O-O 12. Nc2 g6 13. a4 Rb8 14.
axb5 axb5 15. g3 Bg7 16. h4 Be6 17. Ra6 Ne7 18. Nxe7+ Qxe7 19. Qxd6 Qb7 20. Qc6 Qxc6 21. Rxc6 Ra8 22. Rb6 Bb3 23. Na3 Rfd8 24. Be2 Bf8 25. Rxb5 Bxa3 26. Rxb3 Bxb2 27. O-O Rd2 28. Bc4 Ra7 29.
Rb1 Ba3 30. Rb7 Bc5 31. Bxf7+ Kf8 32. Rxa7 Bxa7 33. Bd5 Bxf2+ 34. Kg2 Bc5+ 35. Kh3 h5 36. Rf1+ Rf2 37. Rxf2+ Bxf2 38. g4 Ke7 39. gxh5 gxh5 40. Bc6 Be1 41. c4 Bf2 42. Bd5 Bd4 43. Kg3 Bc3 44. Bg8 Be1+ 45. Kh3 Bf2 46. Bh7 Kf6 47. Bf5 Bc5 48. Kg2 Bd4 49. Kf3 Bc5 50. Kg3 Bd4 51.
Kg2 Bc5 52. Kf3 Bd4 53. Ke2 Bc5 54. Bh3 Bd4 55. Bg2 Bc5 56. Bf3 Kg6 57. Kd3 Be7 58. Kc3 Bxh4 59. c5 Bd8 60. Kc4 h4 61. Bg4 Kg5 62.
Bf5 Kf4 63. Kd5 Ba5 64. c6 Bb6 65. Bd7 Ba5 66. Bh3 Bb6 67. Be6 Ba5 68. Bf5 Bb6 69. Kd6 Ba5 70. Kc5 Bc7 71. Kd5 Bb6 1/2-1/2